 Dungeon Crawl Stone Soup version 0.29-a0-459-g97dee8cd24 (webtiles) character file.

Game seed: 10230843690551219709

2665 siradein the Thaumaturge (level 9, -2/57 HPs)
             Began as a Mummy Necromancer on May 20, 2022.
             Slain by a wight
             ... wielding a +2 halberd
              (15 damage)
             ... on level 5 of the Dungeon.
             The game lasted 00:29:53 (8491 turns).

siradein the Thaumaturge (Mummy Necromancer)        Turns: 8491, Time: 00:29:53

Health: -2/57      AC: 13    Str: 17    XL:     9   Next: 36%
Magic:  24/24      EV: 12    Int: 24    God:
Gold:   579        SH:  0    Dex: 13    Spells: 20/30 levels left

rFire   . . .      SeeInvis +   g - +3 hand axe of Poarur {protect, rN+ Str+6 SInv}
rCold   + . .      Faith    .   (no shield)
rNeg    + + +      Spirit   .   j - +2 robe {rF+}
rPois   ∞          Reflect  .   i - +0 helmet
rElec   .          Harm     .   (no cloak)
rCorr   .          Rampage  .   (no gloves)
Will    +....                   b - +0 pair of boots
Stlth   ++........              (no amulet)
HPRegen 0.19/turn               k - ring of see invisible
MPRegen 0.19/turn               n - +6 ring of intelligence

@: under a protective aura
A: cold resistance 1, negative energy resistance 3, torment resistance 2, heat
vulnerability 1, in touch with death 1, no potions
a: no special abilities


You were on level 5 of the Dungeon.
You visited 1 branch of the dungeon, and saw 6 of its levels.

You collected 579 gold pieces.

Inventory:

Hand Weapons
 e - a +5 dagger of venom
 g - the +3 hand axe of Poarur (weapon) {protect, rN+ Str+6 SInv}
   (You took it off a gnoll on level 6 of the Dungeon)

   It grants its wielder temporary protection when it strikes (+7 to AC).
   Str:       It affects your strength (+6).
   rN:        It protects you from negative energy.
   SInv:      It lets you see invisible.
 q - the +3 woodcutter's axe {vorpal}
   (You took it off a gnoll shaman on level 6 of the Dungeon)

   It inflicts extra damage upon your enemies.
Missiles
 a - a throwing net
Armour
 b - a +0 pair of boots (worn)
 i - a +0 helmet (worn)
 j - a +2 robe of fire resistance (worn)
Jewellery
 k - a ring of see invisible (left hand)
 n - a +6 ring of intelligence (right hand)
Wands
 m - a wand of flame (8)
Scrolls
 c - 4 scrolls of vulnerability
 d - 2 scrolls of poison
 f - 3 scrolls of enchant weapon
 h - 2 scrolls of teleportation
 l - a scroll of fear
 o - a scroll of blinking
 p - a scroll of amnesia {unknown}


   Skills:
 - Level 1.5 Dodging
 - Level 1.5 Stealth
 + Level 11.1 Spellcasting
 + Level 10.0 Necromancy


You had 20 spell levels left.
You knew the following spells:

 Your Spells              Type           Power      Damage    Failure   Level
a - Necrotize             Necr           100%       1d9       1%          1
b - Vampiric Draining     Necr           75%        2d11      1%          3
c - Animate Dead          Necr           75%        N/A       1%          4
d - Passwall              Tmut/Erth      10%        N/A       7%          2

Your spell library contained the following spells:

 Spells                   Type           Power      Damage    Failure   Level
 Agony                    Necr           75%        N/A       2%          5
 Sandblast                Erth           26%        2d8       4%          1
 Call Canine Familiar     Summ           13%        N/A       14%         3
 Dazzling Flash           Conj/Hex       26%        N/A       14%         3
 Portal Projectile        Hex/Tloc       26%        N/A       14%         3
 Stone Arrow              Conj/Erth      26%        3d8       14%         3
 Iskenderun's Mystic Bla  Conj/Tloc      13%        2d5       43%         4
 Leda's Liquefaction      Hex/Erth       6%         N/A       43%         4
 Starburst                Conj/Fire      6%         6d4       100%        6


Dungeon Overview and Level Annotations

Branches:
Dungeon (6/15)
 Temple: D:4-7

Altars:
Ashenzari
Makhleb
Trog
Uskayaw


Innate Abilities, Weirdness & Mutations

You are immune to poison.
Your flesh is cold resistant. (rC+)
You are immune to negative energy. (rN+++)
You are immune to unholy pain and torment.
You are vulnerable to heat. (rF-)
You are in touch with the powers of death.
You do not drink.


Message History

You see here a +0 club.
There are monsters nearby!
There are monsters nearby!
There are monsters nearby!
There are monsters nearby! 2 wights come into view.
A wight is wielding a +1 morningstar of freezing.
You see here a +0 club.
The wight hits you with a +2 spear.
The wight hits you from afar with a +2 halberd.
You barely miss the wight. The wight closely misses you.
The wight barely misses you.
You hit the wight but do no damage.
Your weapon exudes an aura of protection.
The wight hits you but does no damage. The wight completely misses you.
You hit the wight.
The wight is moderately damaged.
The wight hits you but does no damage.
The wight hits you from afar with a +2 halberd.
You hit the wight.
The wight is heavily damaged.
The wight hits you from afar with a +2 halberd.
The wight hits you but does no damage. The wight closely misses you.
The wight hits you with a +2 spear.
You hit the wight.
The wight is severely damaged.
The wight hits you with a +2 spear.
The wight hits you from afar with a +2 halberd!
You are too injured to fight recklessly!
You are too injured to fight recklessly!
You are too injured to fight recklessly!
You hit the wight.
The wight is severely damaged.
The wight hits you with a +2 spear.
The wight hits you from afar with a +2 halberd!
* * * LOW HITPOINT WARNING * * *
You barely miss the wight.
The wight is severely damaged.
The wight hits you from afar with a +2 halberd!
You die...

###
#.....................#
..#
#.###...#############.#
#.# #.# ##(## #.# #.#
#.# #.# #.# #.#####.#
#.# ##.## #.......# #.#
##...## ######### #.#
#.....# #.########
##...## #....@zzz#
#..## ########.# #.##
#.# #.# #z# #.# #z# #.#
############.######.#
#.....z.zz..........#
#..##################
.#######..#


You could see 3 wights.

Vanquished Creatures
  Sigmund (D:4)
  A steam dragon (D:6)
  2 water moccasins
  Duvessa (D:4)
  4 ice beasts
  A sky beast (D:6)
  A bullfrog (D:6)
  4 gnoll sergeants (D:6)
  7 scorpions
  2 necrophages
  Dowan (D:4)
  2 jellies
  3 hounds
  2 orc priests
  2 gnoll shamans (D:6)
  2 iguanas
  An orc wizard (D:4)
  8 gnolls
  10 adders
  A white imp (D:6)
  9 orcs
  10 endoplasms
  2 giant cockroaches (D:4)
  8 goblins
  6 hobgoblins
  9 jackals
  5 kobolds
  4 quokkas
  9 ball pythons
  4 bats
  3 rats
125 creatures vanquished.

Vanquished Creatures (collateral kills)
  2 necrophages
  A gnoll (D:6)
  An ufetubus (D:5)
  A goblin (D:1)
  2 hobgoblins
  2 jackals
  A bat (D:1)
10 creatures vanquished.

Vanquished Creatures (others)
  7 gnoll zombies
  A plant (D:5)
8 creatures vanquished.

Grand Total: 143 creatures vanquished

Notes
Turn   | Place    | Note
-------+----------+-------------------------------------------
     0 | D:1      | siradein the Mummy Necromancer began the quest for the Orb.
     0 | D:1      | Reached XP level 1. HP: 13/13 MP: 4/4
    49 | D:1      | Reached skill level 3 in Spellcasting
   202 | D:1      | Reached XP level 2. HP: 19/19 MP: 1/6
  1342 | D:2      | Gained mutation: You are in touch with the powers of death.
                  | [Mummy growth]
  1342 | D:2      | Reached XP level 3. HP: 24/24 MP: 5/8
  1346 | D:2      | Learned a level 3 spell: Vampiric Draining
  1533 | D:2      | Found a bloodstained altar of Trog.
  1738 | D:2      | Reached skill level 4 in Spellcasting
  2110 | D:3      | Reached XP level 4. HP: 30/30 MP: 7/10
  2123 | D:3      | Reached skill level 5 in Necromancy
  2406 | D:3      | Learned a level 4 spell: Animate Dead
  3163 | D:3      | Found a hide-covered altar of Uskayaw.
  3164 | D:3      | Found a burning altar of Makhleb.
  3220 | D:4      | Reached XP level 5. HP: 35/35 MP: 2/12
  3324 | D:4      | Reached skill level 5 in Spellcasting
  3382 | D:4      | Noticed Sigmund
  3390 | D:4      | Killed Sigmund
  3391 | D:4      | Reached skill level 6 in Spellcasting
  3391 | D:4      | Reached XP level 6. HP: 30/41 MP: 6/15
  3863 | D:4      | Noticed Duvessa
  4006 | D:4      | Reached skill level 7 in Spellcasting
  4006 | D:4      | Reached XP level 7. HP: 36/46 MP: 10/17
  4185 | D:4      | Noticed Dowan
  4265 | D:5      | Entered Level 5 of the Dungeon
  4904 | D:5      | Reached skill level 8 in Spellcasting
  5028 | D:5      | Reached XP level 8. HP: 48/52 MP: 15/20
  5637 | D:5      | Reached skill level 9 in Spellcasting
  6139 | D:5      | Learned a level 2 spell: Passwall
  6977 | D:6      | Reached skill level 10 in Spellcasting
  7059 | D:6      | Found a broken altar of Ashenzari.
  7134 | D:6      | Reached XP level 9. HP: 56/57 MP: 13/23
  7525 | D:6      | Identified the +3 hand axe of Poarur {protect, rN+ Str+6
                  | SInv}
  8000 | D:6      | Reached skill level 11 in Spellcasting
  8268 | D:4      | Killed Duvessa
  8303 | D:4      | Killed Dowan
  8304 | D:4      | Reached skill level 10 in Necromancy
  8491 | D:5      | Slain by a wight

Illustrated notes

Levels and vault maps discovered:
D:1:      dpeg_arrival_shelter, layout_basic, minmay_misc_feat_iff,
          minmay_tall_x
D:2:      layout_basic, basic_altar
D:3:      layout_basic, nicolae_overflow_squiral, st_stairs_10
D:4:      layout_rooms, minmay_pentangle, uniq_sigmund, uniq_duvessa
D:5:      layout_loops_ring, mainiacjoe_overflow_alcove_4, saegor_snake_ambush
D:6:      layout_loops_corners, nicolae_overflow_crystal_walls,
          hangedman_decor_push, pf_guarded_unrand_woodcutter

Skill      XL: |  1  2  3  4  5  6  7  8  9 |
---------------+----------------------------+-----
Spellcasting   | 3 4 6 7 8 10 11 | 11.1
Necromancy     | 5 6 7 9 10 | 10.0
Dodging        | |  1.5
Stealth        | |  1.5

Action                   |  1- 3 |  4- 6 |  7- 9 || total
-------------------------+-------+-------+-------++-------
Melee: Short sword       |     3 |       |       ||     3
       Rapier            |       |    16 |   128 ||   144
       Punch             |       |       |     1 ||     1
       Hand axe          |       |       |    28 ||    28
       Quarterstaff      |       |       |     3 ||     3
 Cast: Necrotize         |    49 |   109 |   101 ||   259
       Vampiric Draining |       |     1 |    38 ||    39
       Animate Dead      |       |       |     4 ||     4
       Passwall          |       |       |     1 ||     1
  Use: Scroll            |     3 |     2 |     2 ||     7
 Stab: Sleeping          |       |       |     1 ||     1
Armor: Robe              |     4 |     7 |    85 ||    96
Dodge: Dodged            |    17 |    24 |   166 ||   207

Table legend: (Time is in decaauts)
 A = Elapsed time spent in this place.
 B = Non-inter-level travel time spent in this place.
 C = Inter-level travel time spent in this place.
 D = Time resting spent in this place.
 E = Time spent auto-exploring this place.
 F = Levels seen in this place.
 G = Mean time per level.
                   A        B        C        D        E       F      G
               +--------+--------+--------+--------+--------+-----+--------+
         Total |   8544 |   8409 |    135 |    367 |   6570 |   6 | 1424.0 |
       Dungeon |   8544 |   8409 |    135 |    367 |   6570 |   6 | 1424.0 |
               +--------+--------+--------+--------+--------+-----+--------+

Top non-repeatable levels by time:
     D:5: 2039 daAuts
     D:6: 1900 daAuts
     D:4: 1396 daAuts
     D:1: 1167 daAuts
     D:3: 1102 daAuts
     D:2: 938 daAuts
